 Dungeon Crawl Stone Soup version 0.22-a0-525-gf69a080 (webtiles) character file.

6808 CougarLife the Blocker (level 11, -1/87 HPs)
             Began as a Gnoll Fighter on June 22, 2018.
             Was an Elder of Okawaru.
             Slain by a minotaur
             ... wielding a +3 quarterstaff of crushing
              (7 damage)
             ... in a labyrinth.
             The game lasted 00:15:34 (11636 turns).

CougarLife the Blocker (Gnoll Fighter)             Turns: 11636, Time: 00:15:34

Health: -1/87      AC: 16    Str: 23      XL:     11   Next: 5%
Magic:  18/19      EV: 16    Int: 10      God:    Okawaru [****..]
Gold:   860        SH: 14    Dex: 13 (14) Spells: 21/21 levels left

rFire    . . .     SeeInvis +   a - +0 war axe
rCold    . . .     Gourm    .   c - +0 shield
rNeg     . . .     Faith    .   b - +0 scale mail
rPois    .         Spirit   .   w - +0 helmet
rElec    .         Reflect  .   N - +0 cloak
rCorr    .         Harm     .   I - +0 pair of gloves
MR       +....                  g - +0 pair of boots
Stlth    +++.......             (no amulet)
HPRegen  0.24/turn              i - ring of protection from magic
MPRegen  0.16/turn              m - ring of see invisible

@: heroism
A: distributed training, fangs 1, strong nose
a: Heroism, Renounce Religion


You were in a labyrinth.
You worshipped Okawaru.
Okawaru was greatly pleased with you.
You were not hungry.

You visited 2 branches of the dungeon, and saw 12 of its levels.
You also visited: Labyrinth and Ossuary.

You collected 860 gold pieces.

Inventory:

Hand Weapons
 a - a +0 war axe (weapon)
 J - the cursed +0 dagger "Syurun" {pain, *Corrode rPois rC++ SInv, unknown}
   (You found it on level 9 of the Dungeon)

   In the hands of one skilled in necromantic magic, it inflicts extra damage on
   living creatures.
   It greatly protects you from cold.
   It protects you from poison.
   It lets you see invisible.
   It may corrode you when you take damage.
   It has a curse placed upon it.
Armour
 b - a +0 scale mail (worn)
 c - a +0 shield (worn)
 g - a +0 pair of boots (worn)
 w - a +0 helmet (worn)
 I - a +0 pair of gloves (worn)
 N - a +0 cloak (worn)
Jewellery
 i - a ring of protection from magic (left hand)
 m - a ring of see invisible (right hand)
Wands
 d - a wand of disintegration (8)
 o - a wand of enslavement (19)
 F - a wand of paralysis (19)
 L - a wand of iceblast (12)
Scrolls
 e - 14 scrolls of remove curse
 q - 4 scrolls of teleportation
 r - 2 scrolls of blinking
 s - 3 scrolls of enchant weapon
 t - 2 scrolls of amnesia {unknown}
 y - 3 scrolls of random uselessness {unknown}
 C - a scroll of immolation {unknown}
 D - 2 scrolls of fog {unknown}
 E - a scroll of torment {unknown}
 G - a scroll of silence {unknown}
 M - a scroll of magic mapping {unknown}
Potions
 h - 8 potions of curing {unknown}
 j - a potion of ambrosia {unknown}
 k - 8 potions of agility {unknown}
 l - 5 potions of degeneration {unknown}
 n - a potion of brilliance {unknown}
 p - 3 potions of flight {unknown}
 u - 4 potions of heal wounds
 x - 3 potions of magic {unknown}
 z - a potion of lignification {unknown}
 A - a potion of invisibility {unknown}
 B - a potion of resistance {unknown}
 H - a potion of mutation {unknown}
 O - a potion of haste {unknown}
Comestibles
 f - 11 rations


   Skills:
 + Level 8.8(13.8) Fighting
 + Level 5.8(10.8) Short Blades
 + Level 5.8(10.8) Long Blades
 + Level 7.4(12.4) Axes
 + Level 5.8(10.8) Maces & Flails
 + Level 5.8(10.8) Polearms
 + Level 5.8(10.8) Staves
 + Level 5.8(10.8) Slings
 + Level 5.8(10.8) Bows
 + Level 5.8(10.8) Crossbows
 + Level 5.8(10.8) Throwing
 + Level 8.8(13.8) Armour
 + Level 5.8(10.8) Dodging
 + Level 5.8(10.8) Stealth
 + Level 8.8(13.8) Shields
 + Level 5.8(10.8) Unarmed Combat
 + Level 5.8 Spellcasting
 + Level 4.8 Conjurations
 + Level 4.8 Hexes
 + Level 4.8 Charms
 + Level 4.8 Summonings
 + Level 4.8 Necromancy
 + Level 4.8 Translocations
 + Level 4.8 Transmutations
 + Level 4.8 Fire Magic
 + Level 4.8 Ice Magic
 + Level 4.8 Air Magic
 + Level 4.8 Earth Magic
 + Level 4.8 Poison Magic
 + Level 6.3 Invocations
 + Level 5.8 Evocations


You had 21 spell levels left.
You didn't know any spells.
Your spell library contained the following spells:

 Spells                   Type           Power        Failure   Level  Hunger
 Magic Dart               Conj           ##..         7%          1    None
 Confuse                  Hex            ##......     21%         3    ###....
 Iskenderun's Mystic Bla  Conj           ##......     54%         4    ####...
 Tukima's Dance           Hex            ##......     21%         3    ###....
 Ensorcelled Hibernation  Hex/Ice        ##....       10%         2    ##.....
 Corona                   Hex            ##.....      7%          1    None
 Fulminant Prism          Conj/Hex       ##........   54%         4    ####...
 Dazzling Spray           Conj/Hex       ##....       21%         3    ###....
 Force Lance              Conj/Tloc      ##......     54%         4    ####...
 Searing Ray              Conj           ##....       10%         2    ##.....


Dungeon Overview and Level Annotations

Branches:
Dungeon (11/15)            Temple (1/1) D:5            Lair (0/6) D:9
    Orc (0/2) D:9

Altars:
Ashenzari
Cheibriados
Dithmenos
Elyvilon
Fedhas
Gozag
Hepliaklqana
Kikubaaqudgha
Makhleb
Nemelex Xobeh
Okawaru
Qazlal
Ru
Sif Muna
Trog
Uskayaw
Vehumet
Wu Jian
Xom
Yredelemnul
Zin
The Shining One
Beogh

Annotations:
D:7 1 runed door


Innate Abilities, Weirdness & Mutations

Your experience applies equally to all skills.
You have very sharp teeth.
Your uncanny sense of smell can sniff out nearby items.


Message History

You see here a javelin.
The minotaur throws a javelin.
The javelin hits you!!
You see here a javelin.
You gain the combat prowess of a mighty hero.
The minotaur throws a javelin.
The javelin hits you but does no damage.
The minotaur throws a javelin.
The javelin hits you!
You see here a javelin.
The minotaur throws a javelin.
The javelin hits you!!
You see here a javelin.
The minotaur hits you with a quarterstaff of crushing!!
* * * LOW HITPOINT WARNING * * *
x2 You block the minotaur's attack.
You hit the minotaur but do no damage.
The minotaur hits you but does no damage.
The minotaur closely misses you.
You slash the minotaur!
The minotaur is lightly wounded.
You block the minotaur's attack. The minotaur gores you!
You die...

..# . # #...
###.#.###.
.# #. . ..
.# . .....
...
...#######.#
#
#.#...((#.#
. #.###(# #
. #
#.#∆#(#.#
#.....#.#
#@# # #.###
#.# #H#.#
.#.#.# ..#.
. .#.#####.#
#. #... ...#
## # # ## #
# . . . ...
###. ## ###
. ...#


You could see a minotaur.

Vanquished Creatures
  A two-headed ogre (D:11)
  A manticore (D:11)
  Joseph (D:7)
  A troll (D:11)
  3 hogs (D:7)
  A yak (D:7)
  A human (D:7)
  8 orc warriors
  4 sky beasts
  A phantom (D:8)
  A necrophage (D:5)
  3 ogres
  4 ice beasts
  A centaur (D:8)
  A crocodile (D:7)
  2 big kobolds
  A bullfrog (D:9)
  A water moccasin zombie (Ossuary)
  A scorpion (D:10)
  6 killer bees
  4 wights (D:9)
  A crimson imp (D:11)
  5 centaur zombies
  A quasit (D:11)
  2 jellies
  2 bullfrog skeletons
  4 hounds
  8 orc priests
  2 iguanas
  6 orc wizards
  9 worker ants
  3 hound zombies
  13 mummies (Ossuary)
  A worker ant zombie (D:7)
  11 adders
  3 oozes
  3 adder zombies
  A worm (D:3)
  3 dart slugs
  5 leopard geckos
  52 orcs
  3 ball pythons
  10 giant cockroaches
  8 goblins
  11 hobgoblins
  15 jackals
  20 kobolds
  3 quokkas
  6 bats
  7 frilled lizards
  2 giant cockroach zombies (Ossuary)
  A jackal zombie (Ossuary)
  A leopard gecko zombie (Ossuary)
  A quokka zombie (Ossuary)
  5 rats
  A withered plant (Ossuary)
276 creatures vanquished.

Vanquished Creatures (others)
  A fungus (D:9)
1 creature vanquished.

Grand Total: 277 creatures vanquished

Notes
Turn   | Place    | Note
-------+----------+-------------------------------------------
     0 | D:1      | CougarLife the Gnoll Fighter began the quest for the Orb.
     0 | D:1      | Reached XP level 1. HP: 23/23 MP: 1/1
    83 | D:1      | Reached XP level 2. HP: 29/29 MP: 2/2
   290 | D:1      | Reached XP level 3. HP: 32/35 MP: 3/3
   469 | D:1      | Reached skill level 1 in Invocations
   716 | D:2      | Reached skill level 1 in Short Blades
   716 | D:2      | Reached skill level 1 in Long Blades
   716 | D:2      | Reached skill level 1 in Maces & Flails
   716 | D:2      | Reached skill level 1 in Polearms
   716 | D:2      | Reached skill level 1 in Staves
   716 | D:2      | Reached skill level 1 in Slings
   716 | D:2      | Reached skill level 1 in Bows
   716 | D:2      | Reached skill level 1 in Crossbows
   716 | D:2      | Reached skill level 1 in Throwing
   716 | D:2      | Reached skill level 1 in Dodging
   716 | D:2      | Reached skill level 1 in Stealth
   716 | D:2      | Reached skill level 1 in Unarmed Combat
   716 | D:2      | Reached skill level 1 in Spellcasting
   716 | D:2      | Reached skill level 1 in Evocations
   716 | D:2      | Reached XP level 4. HP: 41/41 MP: 5/5
   977 | D:2      | You fall through a shaft!
   982 | D:3      | Reached skill level 1 in Conjurations
   982 | D:3      | Reached skill level 1 in Hexes
   982 | D:3      | Reached skill level 1 in Charms
   982 | D:3      | Reached skill level 1 in Summonings
   982 | D:3      | Reached skill level 1 in Necromancy
   982 | D:3      | Reached skill level 1 in Translocations
   982 | D:3      | Reached skill level 1 in Transmutations
   982 | D:3      | Reached skill level 1 in Fire Magic
   982 | D:3      | Reached skill level 1 in Ice Magic
   982 | D:3      | Reached skill level 1 in Air Magic
   982 | D:3      | Reached skill level 1 in Earth Magic
   982 | D:3      | Reached skill level 1 in Poison Magic
  1052 | D:3      | Reached XP level 5. HP: 39/47 MP: 6/6
  1642 | D:3      | Found a glowing silver altar of Zin.
  1642 | D:3      | Found a shimmering altar of Xom.
  1642 | D:3      | Noticed an angel
  1841 | D:3      | Found a hazy altar of Hepliaklqana.
  2062 | D:4      | Found a blossoming altar of Fedhas.
  2106 | D:4      | Reached XP level 6. HP: 8/53 MP: 8/8
  2321 | D:4      | Found a sand-covered staircase.
  2326 | Ossuary  | Entered an ossuary
  2375 | Ossuary  | Reached skill level 5 in Axes
  2414 | Ossuary  | Reached XP level 7. HP: 45/59 MP: 10/10
  3357 | D:4      | Found a blossoming altar of Fedhas.
  3442 | D:5      | Entered Level 5 of the Dungeon
  3532 | D:5      | Found a staircase to the Ecumenical Temple.
  3539 | Temple   | Entered the Ecumenical Temple
  3750 | Temple   | Became a worshipper of Warmaster Okawaru
  3814 | D:5      | Reached XP level 8. HP: 62/67 MP: 12/12
  3993 | D:5      | Found a burning altar of Makhleb.
  4178 | D:5      | Found a shadowy altar of Dithmenos.
  4604 | D:5      | Got a twisted scale mail
  5150 | D:6      | Reached * piety under Okawaru
  5180 | D:6      | Found an ancient bone altar of Kikubaaqudgha.
  5432 | D:6      | Found a glowing golden altar of the Shining One.
  5433 | D:6      | Found an opulent altar of Gozag.
  5538 | D:6      | Identified the +4 scale mail "Mobaita" {rN+ MP+9 Str-2 Int+4} (You found it on level 5 of the Dungeon)
  5727 | D:7      | Noticed a yak
  5742 | D:7      | Reached XP level 9. HP: 12/72 MP: 12/14
  5745 | D:7      | Reached ** piety under Okawaru
  5751 | D:7      | HP: 1/73 [yak (9)]
  6098 | D:7      | Found a glowing golden altar of the Shining One.
  6098 | D:7      | Noticed Joseph
  6124 | D:7      | Killed Joseph
  6622 | D:7      | Reached *** piety under Okawaru
  6944 | D:7      | Reached skill level 5 in Invocations
  7098 | D:7      | Found a runed door.
  7098 | D:7      | Noticed a sixfirhy
  7412 | D:8      | Reached XP level 10. HP: 44/80 MP: 15/17
  7640 | D:8      | Found a deep blue altar of Sif Muna.
  7801 | D:8      | Found a radiant altar of Vehumet.
  8323 | D:9      | Found a staircase to the Lair.
  8548 | D:9      | Reached skill level 5 in Short Blades
  8548 | D:9      | Reached skill level 5 in Long Blades
  8548 | D:9      | Reached skill level 5 in Maces & Flails
  8548 | D:9      | Reached skill level 5 in Polearms
  8548 | D:9      | Reached skill level 5 in Staves
  8548 | D:9      | Reached skill level 5 in Slings
  8548 | D:9      | Reached skill level 5 in Bows
  8548 | D:9      | Reached skill level 5 in Crossbows
  8548 | D:9      | Reached skill level 5 in Throwing
  8548 | D:9      | Reached skill level 5 in Dodging
  8548 | D:9      | Reached skill level 5 in Stealth
  8548 | D:9      | Reached skill level 5 in Unarmed Combat
  8548 | D:9      | Reached skill level 5 in Spellcasting
  8548 | D:9      | Reached skill level 5 in Evocations
  8942 | D:9      | Found a staircase to the Orcish Mines.
  9274 | D:9      | Reached **** piety under Okawaru
  9352 | D:9      | Got an iridescent dagger
  9359 | D:10     | Entered Level 10 of the Dungeon
  9602 | D:10     | Received a gift from Okawaru
  9923 | D:10     | Found a roughly hewn altar of Beogh.
 10874 | D:11     | Noticed a two-headed ogre
 10879 | D:11     | Killed a two-headed ogre
 10908 | D:11     | Noticed a manticore
 10916 | D:11     | Killed a manticore
 10916 | D:11     | Reached XP level 11. HP: 39/87 MP: 16/19
 11022 | D:11     | Found a labyrinth entrance.
 11032 | Lab      | Entered a labyrinth
 11629 | Lab      | Noticed a minotaur
 11636 | Lab      | Slain by a minotaur

Vault maps used:
D:1:      dpeg_arrival_tiny_f
D:2:      minmay_tromino_v7
D:3:      grunt_temple_overflow_order_and_chaos_1, marbit_many_paths,
          minivault_5, grunt_ministairs_2
D:4:      lemuel_crystal_altar, nicolae_ossuary_entry_ruins, solitary_fountain,
          fedhas_altar_2
D:5:      lemuel_coloured_pillars_altar, bloody_makhleb,
          minmay_temple_entry_junction_2, first_ration, minmay_misc_feat_doors,
          kennysheep_nondescript
D:6:      gammafunk_temple_overflow_pools, overflow_temple_1_default,
          minmay_crystal_room, minmay_misc_feat_diagonals
D:7:      cheibrodos_shockbox, grunt_livestock, tso_metal_star, uniq_joseph
D:8:      led_sif_book, lemuel_doored_altar
D:9:      dpeg_oklobed_lair, david_orc_4
D:11:     gammafunk_beogh_shrine, serial_shops, nicolae_shop_trees,
          lab_entry_generic, serial_glass, glass_columns_a, glass_columns_c,
          glass_columns_a, glass_columns_a, glass_columns_a, glass_columns_b
Temple:   minmay_temple_curvy_loop
Lab:      labyrinth_spiral
Ossuary:  ossuary_zaba_flooded

Skill      XL: |  1  2  3  4  5  6  7  8  9 10 |
---------------+-------------------------------+-----
Invocations    | 1 2 3 4 5 6 |  6.3
Short Blades   | 1 2 3 4 5 |  5.8
Long Blades    | 1 2 3 4 5 |  5.8
Maces & Flails | 1 2 3 4 5 |  5.8
Polearms       | 1 2 3 4 5 |  5.8
Staves         | 1 2 3 4 5 |  5.8
Slings         | 1 2 3 4 5 |  5.8
Bows           | 1 2 3 4 5 |  5.8
Crossbows      | 1 2 3 4 5 |  5.8
Throwing       | 1 2 3 4 5 |  5.8
Dodging        | 1 2 3 4 5 |  5.8
Stealth        | 1 2 3 4 5 |  5.8
Unarmed Combat | 1 2 3 4 5 |  5.8
Spellcasting   | 1 2 3 4 5 |  5.8
Evocations     | 1 2 3 4 5 |  5.8
Conjurations   | 1 2 3 4 |  4.8
Hexes          | 1 2 3 4 |  4.8
Charms         | 1 2 3 4 |  4.8
Summonings     | 1 2 3 4 |  4.8
Necromancy     | 1 2 3 4 |  4.8
Translocations | 1 2 3 4 |  4.8
Transmutations | 1 2 3 4 |  4.8
Fire Magic     | 1 2 3 4 |  4.8
Ice Magic      | 1 2 3 4 |  4.8
Air Magic      | 1 2 3 4 |  4.8
Earth Magic    | 1 2 3 4 |  4.8
Poison Magic   | 1 2 3 4 |  4.8
Axes           | 5 6 7 |  7.4
Fighting       | 7 8 |  8.8
Armour         | 7 8 |  8.8
Shields        | 7 8 |  8.8

Action                   |  1- 3 |  4- 6 |  7- 9 | 10-12 || total
-------------------------+-------+-------+-------+-------++-------
Melee: War axe           |    87 |   217 |   418 |   254 ||   976
       Bite              |    10 |    22 |    57 |    33 ||   122
Invok: Heroism           |       |       |     4 |    11 ||    15
  Use: Scroll            |       |       |     9 |       ||     9
       Potion            |       |       |     1 |     1 ||     2
 Stab: Distracted        |       |       |     1 |     1 ||     2
  Eat: Chunk             |       |     5 |    13 |     9 ||    27
       Ration            |       |       |     1 |     2 ||     3
Armor: Scale mail        |    37 |    79 |   130 |    61 ||   307
Dodge: Dodged            |    28 |    70 |   193 |    84 ||   375
Block: Shield            |    42 |   140 |   242 |   171 ||   595

Table legend:
 A = Spawn XP
 B = Non-spawn XP
 C = Spawn XP percentage of total XP
 D = Spawn monster count
 E = Non-spawn monster count
 F = Spawn count percentage of total count
 G = Total turns spent on level
                    A         B        C        D         E        F      G
               +---------+---------+-------+---------+---------+-------+---------
         Total |       0 |    9726 |   0.0 |       0 |     275 |   0.0 | 11636
               +---------+---------+-------+---------+---------+-------+---------
           D:1 |       0 |      63 |   0.0 |       0 |      31 |   0.0 |   682
           D:2 |       0 |      76 |   0.0 |       0 |      26 |   0.0 |   634
           D:3 |       0 |      97 |   0.0 |       0 |      25 |   0.0 |   687
           D:4 |       0 |     172 |   0.0 |       0 |      12 |   0.0 |   683
           D:5 |       0 |     397 |   0.0 |       0 |      10 |   0.0 |   916
           D:6 |       0 |     518 |   0.0 |       0 |      23 |   0.0 |   937
           D:7 |       0 |    2380 |   0.0 |       0 |      38 |   0.0 |  1787
           D:8 |       0 |     698 |   0.0 |       0 |      15 |   0.0 |   953
           D:9 |       0 |    1969 |   0.0 |       0 |      35 |   0.0 |  1071
          D:10 |       0 |     733 |   0.0 |       0 |      29 |   0.0 |  1512
          D:11 |       0 |    1952 |   0.0 |       0 |       6 |   0.0 |   161
       Ossuary |       0 |     671 |   0.0 |       0 |      25 |   0.0 |   756
               +---------+---------+-------+---------+---------+-------+---------
